 Dungeon Crawl Stone Soup version 0.28.0 (webtiles) character file.

Game seed: 408085555709193115

79 laceratedsky the Chopper (level 4, -6/61 HPs)
             Began as a Minotaur Berserker on Feb 6, 2022.
             Was a Believer of Trog.
             Killed by divine providence
             ... invoked by an orc priest
              (10 damage)
             ... on level 3 of the Dungeon.
             The game lasted 00:03:53 (1877 turns).

laceratedsky the Chopper (Minotaur Berserker)       Turns: 1877, Time: 00:03:55

Health: -6/61      AC: 22    Str: 23    XL:     4   Next: 17%
Magic:  3/3        EV:  2    Int:  4    God:    Trog [**....]
Gold:   82         SH:  0    Dex: 10    Spells: 3/3 levels left

rFire   . . .      SeeInvis .   a - +0 hand axe
rCold   . . .      Faith    .   (no shield)
rNeg    . . .      Spirit   .   (armour currently unavailable)
rPois   +          Reflect  .   (helmet currently unavailable)
rElec   .          Harm     .   (cloak currently unavailable)
rCorr   .          Rampage  .   (gloves currently unavailable)
Will    .....      NoTele   +   (boots currently unavailable)
Stlth   +.........              (no amulet)
HPRegen 0.20/turn               (no ring)
MPRegen 0.08/turn               (no ring)

@: tree-form
A: stationary, stasis, torment immunity, boosted hp, (horns 2), (retaliatory
headbutt)
a: Renounce Religion, Berserk, Trog's Hand


You were on level 3 of the Dungeon.
You worshipped Trog.
Trog was pleased with you.
You were a tree.
You visited 1 branch of the dungeon, and saw 3 of its levels.

You collected 82 gold pieces.

Inventory:

Hand Weapons
 a - a +0 hand axe (weapon)
Missiles
 c - 33 arrows
Armour
 f - a +0 cloak (melded)
 j - a +0 ring mail (melded)
Wands
 i - a wand of digging (8)
Scrolls
 d - a scroll of noise {unknown}
 e - 2 scrolls of identify {unknown}
 h - a scroll of teleportation {unknown}


   Skills:
 + Level 4.3 Fighting
 + Level 5.0 Axes
 + Level 3.0 Armour
 + Level 2.7 Dodging


You had 3 spell levels left.
You didn't know any spells.
Your spell library was empty.

Dungeon Overview and Level Annotations

Branches:
Dungeon (3/15)

Altars:

Shops:
D:1 [


Innate Abilities, Weirdness & Mutations

You are a tree.
Your roots penetrate the ground, keeping you stationary.
You cannot be teleported.
You are immune to unholy pain and torment.
Your maximum health is greatly increased.
Your equipment is partially melded.
((You have a pair of horns on your head.))
((You reflexively headbutt those who attack you in melee.))


Message History

The orc hits you but does no damage.
You slash the orc!
You kill the orc!
Trog accepts your kill.
You hit the orc wizard. You hit the orc.
You kill the orc!
Trog accepts your kill.
You closely miss the orc wizard.
The orc wizard gestures at you while chanting.
The magic dart hits you but does no damage.
The orc wizard barely misses you.
Your Armour skill increases to level 3!
You hit the orc priest but do no damage.
You barely miss the orc wizard. x2
The orc wizard hits you but does no damage. x2
The orc priest looks braver for a moment.
You hit the orc priest.
The orc priest is moderately wounded.
You hit the orc wizard but do no damage.
You hit the orc wizard.
The orc wizard points at you and mumbles some strange words.
The puff of flame hits you but does no damage.
The orc wizard hits you but does no damage.
The orc priest mumbles some strange prayers to Beogh against you.
Beogh smites you!
* * * LOW HITPOINT WARNING * * *
You hit the orc priest but do no damage.
The orc priest is moderately wounded.
You hit the orc wizard. You barely miss the orc wizard.
The orc wizard hits you with a +0 dagger.
* * * LOW HITPOINT WARNING * * *
The orc wizard hits you but does no damage.
The orc priest hits you but does no damage.
You slash the orc priest!
The orc priest is almost dead.
You hit the orc wizard. x2
The orc wizard hits you but does no damage. x2
The orc priest invokes the aid of Beogh against you.
Beogh smites you!
You die...

.# ##.## .... ##...
.... #...## .....
##.#.(####.....
#####......#.......
#..<..†............
#....###......oo......
#... #.†.....♣)......
.... #........o.....$
.## #.#..........#..
...##...##...## #..##
##### #### #.# ... ..


You could see an orc priest and 2 orc wizards.

Vanquished Creatures
  2 adders (D:2)
  2 worms
  2 dart slugs
  2 orcs (D:3)
  3 endoplasms
  4 giant cockroaches
  4 goblins
  4 hobgoblins
  4 jackals (D:1)
  3 kobolds
  2 quokkas (D:1)
  5 ball pythons
  3 bats
  A frilled lizard (D:2)
  4 rats (D:2)
45 creatures vanquished.

Notes
Turn   | Place    | Note
-------+----------+-------------------------------------------
     0 | D:1      | laceratedsky the Minotaur Berserker began the quest for the
                  | Orb.
     0 | D:1      | Reached XP level 1. HP: 19/19 MP: 0/0
   117 | D:1      | Found Visk's Armour Emporium.
   152 | D:1      | Reached skill level 4 in Axes
   152 | D:1      | Reached XP level 2. HP: 24/27 MP: 1/1
   292 | D:1      | Found a faded altar of an unknown god.
   984 | D:2      | Reached XP level 3. HP: 28/33 MP: 2/2
  1328 | D:2      | Reached ** piety under Trog
  1508 | D:2      | Reached skill level 5 in Axes
  1511 | D:2      | Reached XP level 4. HP: 38/41 MP: 3/3
  1877 | D:3      | Killed from afar by an orc priest

Illustrated notes

Levels and vault maps discovered:
D:1:      lightli_arrival_quake, layout_rooms, serial_shops, shop_statue,
          shapermc_ecumenical_altar_venn
D:2:      layout_basic
D:3:      layout_rooms, serial_shops, shop

Skill      XL: |  1  2  3  4 |
---------------+-------------+-----
Axes           | 4 5 |  5.0
Fighting       | 4 |  4.3
Armour         | 3 |  3.0
Dodging        | |  2.7

Action                   |  1- 3 |  4- 6 || total
-------------------------+-------+-------++-------
Melee: Hand axe          |    70 |    18 ||    88
       Headbutt          |     9 |     2 ||    11
  Use: Potion            |       |     1 ||     1
Armor: Animal skin       |    22 |     1 ||    23
       Skin              |       |    11 ||    11
       Ring mail         |       |     5 ||     5
Dodge: Dodged            |    52 |     7 ||    59
